 Dungeon Crawl Stone Soup version 0.29-a0-25-g7f48f510a0 (webtiles) character file.

Game seed: 9377554553750302150

33 HallandMoats the Skirmisher (level 3, -3/26 HPs)
             Began as an Octopode Fighter on Jan 31, 2022.
             Slain by a kobold (5 damage)
             ... on level 1 of the Dungeon.
             The game lasted 00:01:23 (1261 turns).

HallandMoats the Skirmisher (Octopode Fighter)      Turns: 1261, Time: 00:01:24

Health: -3/26      AC:  1    Str: 15    XL:     3   Next: 29%
Magic:  3/3        EV: 13    Int: 10    God:
Gold:   36         SH:  0    Dex: 13    Spells: 2/2 levels left

rFire   . . .      SeeInvis .   a - +0 trident
rCold   . . .      Faith    .   b - +0 buckler
rNeg    + . .      Spirit   .   (helmet restricted)
rPois   .          Reflect  .   d - amulet of the acrobat
rElec   .          Harm     .   g - ring of positive energy
rCorr   .          Rampage  .   (no ring)
Will    .....                   (no ring)
Stlth   ++........              (no ring)
HPRegen 0.08/turn               (no ring)
MPRegen 0.08/turn               (no ring)
                                (no ring)
                                (no ring)

@: confused
A: almost no armour, amphibious, 8 rings, camouflage 1, gelatinous body 1,
(nimble swimmer 1), tentacles
a: no special abilities


You were on level 1 of the Dungeon.
You visited 1 branch of the dungeon, and saw 2 of its levels.

You collected 36 gold pieces.

Inventory:

Hand Weapons
 a - a +0 trident (weapon)
Armour
 b - a +0 buckler (worn)
Jewellery
 d - an amulet of the acrobat (around mantle)
 g - a ring of positive energy (left tentacle)
Scrolls
 e - a scroll of teleportation {unknown}
 f - a scroll of identify {unknown}
 h - a scroll of immolation {unknown}
 k - a scroll of vulnerability {unknown}
Potions
 c - a potion of might
 i - 2 potions of degeneration {unknown}
 j - a potion of magic {unknown}


   Skills:
 * Level 3.4 Fighting
 * Level 2.5 Polearms
 + Level 3.2 Dodging
 + Level 3.2 Shields
 + Level 0.9 Invocations


You had 2 spell levels left.
You didn't know any spells.
Your spell library was empty.

Dungeon Overview and Level Annotations

Branches:
Dungeon (2/15)

Altars:


Innate Abilities, Weirdness & Mutations

You cannot wear most types of armour.
You are amphibious.
You can wear up to eight rings at the same time.
Your skin changes colour to match your surroundings (Stealth+).
Your rubbery body absorbs attacks. (AC +1, EV +1)
((You are camouflaged when in or above water. (Stealth+)))
You have tentacles for arms and can constrict up to eight enemies at once.


Message History

Items here: )) [ ÷.
There is a stone staircase leading down here.
Items here: )) [ ÷.
Okay, then.
You climb downwards.
You block the kobold's attack. The orc closely misses you.
The kobold barely misses you.
There is a stone staircase leading up, spattered with blood here.
The orc hits you with a +0 mace!
The orc wizard hits you with a +0 dagger.
The kobold barely misses you.
You climb upwards.
There is a stone staircase leading down here.
Items here: )) [ ÷.
You barely miss the orc wizard. You grab the orc wizard.
You squeeze the orc wizard, but do no damage.
You constrict the orc wizard. You block the orc's attack.
You block the orc wizard's attack. The kobold barely misses you.
You puncture the orc wizard!
The orc wizard is severely wounded.
You constrict the orc wizard. The orc barely misses you.
The orc wizard points at you and mumbles some strange words.
The magic dart hits you!
The kobold hits you with a +0 short sword.
The orc barely misses you.
You release your grip on the orc wizard.
The orc wizard completely misses you.
You closely miss the orc wizard. You grab the orc wizard.
The orc wizard is almost dead.
You constrict the orc wizard. The kobold closely misses you.
The orc hits you with a +0 mace.
* * * LOW HITPOINT WARNING * * *
The orc wizard points at you and mumbles some strange words.
You are confused.
The kobold misses you.
You completely miss the orc wizard. You squeeze the orc wizard.
You kill the orc wizard!
The orc hits you with a +0 mace.
* * * LOW HITPOINT WARNING * * *
The kobold hits you with a +0 short sword.
You die...

##.............#
.#.............#
.#.............#
.#.............######
.#..................#
...............####.#
#...................#
#...)######....K....#
........# ##...8@...#
#.....#.# #..8o8)..#
##)#.##.# #...8....#
..###...# #........#
##.#)##.# #........#
#.....#.# ####.....#
.....)..# #######
..>#....# .########


You could see an orc and a kobold.

Vanquished Creatures
  An orc wizard (D:1)
  A dart slug (D:1)
  2 orcs (D:1)
  4 ball pythons (D:1)
  5 endoplasms (D:1)
  3 hobgoblins (D:1)
  2 jackals (D:1)
  4 kobolds (D:1)
  2 quokkas (D:1)
  A bat (D:1)
  A goblin (D:1)
  A rat (D:1)
27 creatures vanquished.

Notes
Turn   | Place    | Note
-------+----------+-------------------------------------------
     0 | D:1      | HallandMoats the Octopode Fighter began the quest for the
                  | Orb.
     0 | D:1      | Reached XP level 1. HP: 16/16 MP: 1/1
   251 | D:1      | Reached XP level 2. HP: 20/21 MP: 2/2
   580 | D:1      | Reached XP level 3. HP: 25/26 MP: 3/3
  1261 | D:1      | Slain by a kobold

Illustrated notes

Levels and vault maps discovered:
D:1:      lightli_arrival_chessboard, layout_basic,
          chequers_serial_rivers_marsh, dk_noncrumbling_2, chequers_garden,
          st_stairs_14, minmay_tall_x
D:2:      layout_rooms

Action                   || total
-------------------------++-------
Melee: Trident           ||    63
       Constrict         ||    11
       Tentacles         ||     6
 Stab: Sleeping          ||     6
Armor: Skin              ||     3
Dodge: Dodged            ||    35
Block: Buckler           ||    16

Table legend: (Time is in decaauts)
 A = Elapsed time spent in this place.
 B = Non-inter-level travel time spent in this place.
 C = Inter-level travel time spent in this place.
 D = Time resting spent in this place.
 E = Time spent auto-exploring this place.
 F = Levels seen in this place.
 G = Mean time per level.
                   A        B        C        D        E       F      G
               +--------+--------+--------+--------+--------+-----+--------+
         Total |   1276 |   1259 |     17 |    278 |    790 |   2 |  638.0 |
       Dungeon |   1276 |   1259 |     17 |    278 |    790 |   2 |  638.0 |
               +--------+--------+--------+--------+--------+-----+--------+

Top non-repeatable levels by time:
     D:1: 1263 daAuts
     D:2: 12 daAuts
